 Dungeon Crawl Stone Soup version 0.22.1-2-g9c5b331 (webtiles) character file.

127 diana the Slasher (level 4, -5/33 HPs)
             Began as a Demonspawn Gladiator on Nov 17, 2018.
             Killed by nerve-wracking pain
             ... invoked by Grinder
              (9 damage)
             ... while paralysed by Grinder
             ... on level 3 of the Dungeon.
             The game lasted 00:02:25 (1793 turns).

diana the Slasher (Demonspawn Gladiator)            Turns: 1793, Time: 00:02:25

Health: -5/33      AC: 12    Str: 21    XL:     4   Next: 85%
Magic:  4/4        EV:  2    Int:  9    God:
Gold:   126        SH:  0    Dex: 14    Spells: 3/3 levels left

rFire    . . .     SeeInvis .   a - +0 long sword
rCold    . . .     Gourm    .   (no shield)
rNeg     . . .     Faith    .   k - +0 chain mail
rPois    .         Spirit   .   c - +0 helmet
rElec    .         Reflect  .   m - +1 cloak
rCorr    .         Harm     .   j - +0 pair of gloves
MR       .....                  (no boots)
Stlth    ..........             h - amulet of rage
HPRegen  0.11/turn              (no ring)
MPRegen  0.09/turn              (no ring)

@: paralysed, mighty
A: large bone plates 1, nightstalker 1
a: Evoke Berserk Rage


You were on level 3 of the Dungeon.
You were not hungry.

You visited 1 branch of the dungeon, and saw 3 of its levels.

You collected 126 gold pieces.

Inventory:

Hand Weapons
 a - a +0 long sword (weapon)
Missiles
 d - 3 throwing nets (quivered)
Armour
 b - a +0 leather armour
 c - a +0 helmet (worn)
 j - a +0 pair of gloves (worn)
 k - a +0 chain mail (worn)
 m - a +1 cloak (worn)
Jewellery
 h - an amulet of rage (around neck)
Scrolls
 g - 4 scrolls of remove curse {unknown}
 l - 2 scrolls of identify {unknown}
Potions
 e - a potion of lignification
 i - a potion of might
 n - a potion of agility {unknown}
 o - a potion of degeneration {unknown}
 p - a potion of mutation {unknown}
Comestibles
 f - 4 rations


   Skills:
 - Level 2.0 Fighting
 + Level 5.1 Long Blades
 - Level 1.7 Throwing
 - Level 2.6 Dodging


You had 3 spell levels left.
You didn't know any spells.
Your spell library was empty.

Dungeon Overview and Level Annotations

Branches:
Dungeon (2/15)

Altars:
Ru

Annotations:
D:3 Grinder


Innate Abilities, Weirdness & Mutations

You are partially covered in large bone plates. (SH +4)
You are slightly more attuned to the shadows.


Message History

Grinder gestures at you.
You barely resist.
Your chain mail prevents you from hitting Grinder.
Grinder is severely wounded.
Grinder hits you but does no damage.
You closely miss Grinder.
Grinder is severely wounded.
Grinder gestures at you. Pain shoots through your body!
Your chain mail prevents you from hitting Grinder.
Grinder is severely wounded.
Grinder hits you but does no damage. Grinder gestures at you.
You suddenly lose the ability to move!
Grinder gestures at you. Pain shoots through your body!
* * * LOW HITPOINT WARNING * * *
Grinder gestures at you. Pain shoots through your body!
You die...

.. ## .# ..## .#
#... .# ### .#
###. ####5# #.).
#..@.# #######...
#.##....#
#........# #.#
.+#######'..####
#.# .#...#...#..#
#.# .#...#...#..#
#.# ##.......##.#
#.# ###._)####.#
#.####.......##.#
#.##.#...#...#..#


You could see Grinder.

Vanquished Creatures
  An orc wizard (D:3)
  5 adders (D:3)
  2 worms (D:2)
  2 leopard geckos
  2 giant cockroaches (D:1)
  7 goblins
  5 hobgoblins
  7 jackals
  3 kobolds (D:1)
  8 bats
  4 frilled lizards
  4 rats
50 creatures vanquished.

Notes
Turn   | Place    | Note
-------+----------+-------------------------------------------
     0 | D:1      | diana the Demonspawn Gladiator began the quest for the Orb.
     0 | D:1      | Reached XP level 1. HP: 16/16 MP: 1/1
    99 | D:1      | Reached skill level 3 in Long Blades
   128 | D:1      | Gained mutation: You are partially covered in large bone
                  | plates. (SH +4) [demonic ancestry]
   128 | D:1      | Reached XP level 2. HP: 17/22 MP: 2/2
   986 | D:2      | Reached XP level 3. HP: 27/27 MP: 3/3
  1174 | D:2      | Reached skill level 4 in Long Blades
  1338 | D:2      | You fall through a shaft!
  1390 | D:3      | Gained mutation: You are slightly more attuned to the
                  | shadows. [demonic ancestry]
  1390 | D:3      | Reached XP level 4. HP: 22/33 MP: 4/4
  1727 | D:3      | Found a sacrificial altar of Ru.
  1740 | D:3      | Reached skill level 5 in Long Blades
  1783 | D:3      | Noticed Grinder
  1791 | D:3      | Paralysed by Grinder for 7 turns
  1793 | D:3      | Killed from afar by Grinder

Skill      XL: |  1  2  3  4 |
---------------+-------------+-----
Long Blades    | 3 4 5 |  5.1
Fighting       | |  2.0
Throwing       | |  1.7
Dodging        | |  2.6

Action                   |  1- 3 |  4- 6 || total
-------------------------+-------+-------++-------
Melee: Long sword        |   139 |    27 ||   166
  Use: Potion            |     1 |     1 ||     2
 Stab: Paralysed         |       |     2 ||     2
  Eat: Chunk             |     2 |     1 ||     3
Armor: Leather armour    |    18 |       ||    18
       Chain mail        |    96 |     9 ||   105
       Skin              |     8 |    10 ||    18
Dodge: Dodged            |    93 |     8 ||   101
Block: Other             |    40 |     1 ||    41
       Rpst.: Long sword |    35 |     2 ||    37
